 Dungeon Crawl Stone Soup version 0.29-a0-620-g13ace881f2 (webtiles) character file.

Game seed: 7771428905424113100

25725 IdlyInterested the Basher (level 12, -1/86 HPs)
             Began as a Demonspawn Fighter on June 18, 2022.
             Slain by a catoblepas (17 damage)
             ... on level 3 of the Lair of Beasts.
             The game lasted 00:51:31 (11582 turns).

IdlyInterested the Basher (Demonspawn Fighter)     Turns: 11582, Time: 00:51:32

Health: -1/86      AC: 27    Str: 19    XL:     12   Next: 92%
Magic:  19/19      EV:  9    Int: 12    God:
Gold:   40         SH: 11    Dex: 23    Spells: 21/21 levels left

rFire   + . .      SeeInvis .   q - +3 morningstar (chaos)
rCold   + + .      Faith    .   X - +0 kite shield
rNeg    . . .      Spirit   .   I - +2 chain mail "Vumuos" {+Inv rF+ rC++ Str+3}
rPois   +          Reflect  .   k - +2 helmet {Int+3}
rElec   +          Harm     .   u - -1 cloak of Kindness {Rampage Will+ Str-2 Dex+6}
rCorr   .          Rampage  +   P - +2 pair of gloves
Will    +....      Clarity  +   (boots unavailable)
Stlth   ..........              f - amulet of regeneration
HPRegen 1.04/turn               j - +4 ring of protection
MPRegen 0.16/turn               z - ring of poison resistance

@: studying Spellcasting
A: hooves 3, thin metallic scales 3, clarity, sense surroundings 1, electricity
resistance
a: Evoke Invisibility


You were on level 3 of the Lair of Beasts.
You visited 3 branches of the dungeon, and saw 14 of its levels.

You collected 651 gold pieces.
You spent 611 gold pieces at shops.

Inventory:

Hand Weapons
 c - a +2 whip of electrocution
 q - a +3 morningstar of chaos (weapon)
 C - a +1 mace of freezing
Missiles
 l - a throwing net
 n - 3 silver boomerangs
 p - 51 poisoned darts (quivered)
 B - 3 boomerangs of dispersal
 N - 2 curare-tipped darts
Armour
 e - the +0 robe of the Accordion {rF+ MP+9 Slay+6}
   (You found it on level 2 of the Dungeon)

   Slay:      It affects your accuracy & damage with ranged weapons and melee
   (+6).
   rF:        It protects you from fire.
   MP:        It affects your magic capacity (+9).
 k - a +2 helmet of intelligence (worn)
 u - the -1 cloak of Kindness (worn) {Rampage Will+ Str-2 Dex+6}
   (You found it on level 3 of the Dungeon)

   Str:       It affects your strength (-2).
   Dex:       It affects your dexterity (+6).
   Rampage:   It bestows one free step when moving towards enemies.
   Will:      It increases your willpower.
 I - the +2 chain mail "Vumuos" (worn) {+Inv rF+ rC++ Str+3}
   (You found it on level 10 of the Dungeon)

   Str:       It affects your strength (+3).
   rF:        It protects you from fire.
   rC:        It greatly protects you from cold.
   +Inv:      It lets you turn invisible.
 P - a +2 pair of gloves (worn)
 R - +0 steam dragon scales
 W - +0 acid dragon scales
 X - a +0 kite shield (worn)
Magical Staves
 h - a staff of earth
 x - a staff of poison
 Z - a staff of conjuration
Jewellery
 f - an amulet of regeneration (around neck)
 i - an amulet of reflection
 j - a +4 ring of protection (left hand)
 r - a ring of positive energy
 z - a ring of poison resistance (right hand)
 A - a ring of ice
 U - an amulet of magic regeneration
 Y - an amulet of guardian spirit
Wands
 a - a wand of quicksilver (13)
 t - a wand of iceblast (10)
 y - a wand of flame (13)
 D - a wand of polymorph (11)
 J - a wand of paralysis (3)
Scrolls
 v - 2 scrolls of enchant armour
 F - 2 scrolls of fear
 G - 4 scrolls of teleportation
 H - 6 scrolls of identify
 L - 2 scrolls of summoning
 T - a scroll of magic mapping
 V - a scroll of enchant weapon
Potions
 b - 6 potions of curing
 d - 3 potions of might
 g - 3 potions of resistance
 m - 4 potions of flight
 o - 2 potions of cancellation
 s - 3 potions of heal wounds
 w - a potion of attraction
 K - a potion of mutation
 M - a potion of ambrosia
 O - 2 potions of lignification
 Q - a potion of berserk rage
 S - a potion of haste
Miscellaneous
 E - a condenser vane


   Skills:
 - Level 5.0 Fighting
 * Level 14.5 Maces & Flails
 - Level 5.0 Throwing
 - Level 7.0 Armour
 - Level 5.0 Dodging
 + Level 4.8 Stealth
 + Level 5.5 Shields
 - Level 5.0 Spellcasting
 - Level 5.0 Invocations
 - Level 5.0 Evocations


You had 21 spell levels left.
You didn't know any spells.
Your spell library contained the following spells:

 Spells                   Type           Power      Damage    Failure   Level
 Necrotize                Necr           12%        1d4       99%         1
 Sandblast                Erth           6%         2d5       99%         1
 Sting                    Tmut/Pois      12%        1d3       99%         1
 Passwall                 Tmut/Erth      2%         N/A       100%        2
 Poisonous Vapours        Pois/Air       6%         N/A       100%        2
 Static Discharge         Conj/Air       3%         N/A       100%        2
 Conjure Flame            Conj/Fire      3%         6-21      100%        3
 Frozen Ramparts          Ice            6%         1d2       100%        3
 Ignite Poison            Fire/Tmut/Pois 3%         N/A       100%        3
 Stone Arrow              Conj/Erth      6%         3d7       100%        3
 Vampiric Draining        Necr           3%         2d6       100%        3
 Airstrike                Air            1%         N/A       100%        4
 Anguish                  Hex/Necr       1%         N/A       100%        4
 Corpse Rot               Necr/Pois/Air  3%         N/A       100%        4
 Dispel Undead            Necr           3%         3d7       100%        4
 Fulminant Prism          Conj/Hex       1%         3d6       100%        4
 Hailstorm                Conj/Ice       3%         3d3       100%        4
 Ice Form                 Ice/Tmut       3%         N/A       100%        4
 Sticky Flame             Conj/Fire      3%         2d3       100%        4
 Summon Ice Beast         Ice/Summ       3%         N/A       100%        4
 Agony                    Necr           3%         N/A       100%        5
 Yara's Violent Unravell  Hex/Tmut       1%         3d3       100%        5
 Enfeeble                 Hex            1%         N/A       100%        7
 Storm Form               Tmut/Air       1%         N/A       100%        7


Dungeon Overview and Level Annotations

Branches:
Dungeon (10/15)            Temple (1/1) D:7            Lair (3/6) D:10
  Swamp (0/4) Lair:2
  Snake: Lair:2-4    Spider: Lair:2-4       Orc: D:9-12

Altars:
Ashenzari
Cheibriados
Dithmenos
Elyvilon
Fedhas
Gozag
Hepliaklqana
Kikubaaqudgha
Makhleb
Nemelex Xobeh
Okawaru
Qazlal
Ru
Sif Muna
Trog
Uskayaw
Vehumet
Wu Jian
Xom
Yredelemnul
Zin
The Shining One

Shops:
D:3 !(   D:7 (   D:9 =


Innate Abilities, Weirdness & Mutations

You have hooves in place of feet.
You are completely covered in thin metallic scales. (AC +4, rElec)
You possess an exceptional clarity of mind.
You passively map a small area around you.
You are resistant to electric shocks. (rElec)


Message History

The catoblepas gores you but does no damage.
Something bites you but does no damage.
You turn to flesh and can move again.
The yak attacks as you move away! The yak closely misses you.
Something bites you but does no damage. The yak attacks as you move away!
The yak gores you but does no damage.
The catoblepas gores you but does no damage.
The yak is engulfed in calcifying dust.
The yak is moving more slowly.
You sock the catoblepas! Your kick misses the catoblepas.
The catoblepas is moderately wounded.
Something bites you.
* * * LOW HITPOINT WARNING * * *
The catoblepas gores you.
* * * LOW HITPOINT WARNING * * *
The yak is engulfed in calcifying dust.
The yak is moving more slowly.
You block the yak's attack.
You hit the catoblepas. You kick the catoblepas!
The catoblepas is moderately wounded.
Something bites you but does no damage. The yak gores you.
* * * LOW HITPOINT WARNING * * *
The yak is engulfed in calcifying dust.
The yak stops moving altogether!
You block the catoblepas's attack. Something bites you but does no damage.
Unknown command.
You hit the catoblepas but do no damage.
The catoblepas is moderately wounded.
The yak gores you!
* * * LOW HITPOINT WARNING * * *
Something bites you but does no damage.
The yak is engulfed in calcifying dust.
You thump the catoblepas!
The catoblepas seems to speed up.
The catoblepas is heavily wounded.
Something bites you but does no damage. The catoblepas closely misses you.
The yak gores you but does no damage.
The yak is engulfed in calcifying dust.
You bludgeon the catoblepas!! You freeze the catoblepas.
You kick the catoblepas!
The catoblepas is almost dead.
Something bites you but does no damage.
The catoblepas gores you but does no damage.
You block the yak's attack. Something bites you but does no damage.
You block the yak's attack. The catoblepas gores you!
You die...

####.. ....... *
#.#...#?......
##............## , *
...............#
...............## **
*#......<.......##
#..............## ,
.#ยงยง..YY........P#
*#.....Y@Y.!.....#
##.....?......<.# *
##........<.$###
###........##
#..######## ###


You could see a catoblepas (fast) and 3 yaks.

Vanquished Creatures
  Gastronok (D:10)
  5 hydras
  A two-headed ogre (D:9)
  A tengu warrior (D:10)
  An orc knight (D:10)
  Pikel (D:8)
  A deep elf pyromancer (D:10)
  An oklob plant (Lair:2)
  An ugly thing (D:10)
  3 manticores (D:10)
  2 black mambas
  An elephant (shapeshifter) (D:10)
  4 cane toads
  A gargoyle (D:10)
  A kobold demonologist (D:7)
  A komodo dragon (Lair:1)
  A yaktaur (D:10)
  2 rime drakes (Lair:2)
  An unseen horror (D:9)
  An efreet (D:10)
  The ghost of chrisa4242 the Chopper, an amateur HOCA of Beogh (D:7)
  2 trolls (D:10)
  A slime creature (D:10)
  A shadow (D:9)
  39 yaks
  A basilisk (Lair:1)
  A steam dragon (D:9)
  5 swamp worms (Lair:2)
  3 wargs (D:10)
  An acid dragon (D:10)
  Duvessa (D:7)
  7 water moccasins
  2 sky beasts
  5 orc warriors
  An ice beast (D:7)
  2 ogres
  4 centaurs
  9 kobold brigands
  3 bullfrogs
  2 necrophages
  A gnoll sergeant (D:10)
  2 scorpions (D:6)
  11 wights
  Dowan (D:7)
  8 killer bees
  3 howler monkeys
  4 hounds
  3 jellies
  Crazy Yiuf (D:5)
  6 orc priests
  A gnoll shaman (D:7)
  4 iguanas
  7 orc wizards
  16 gnolls
  12 adders
  A shadow imp (D:6)
  5 white imps
  3 dart slugs
  23 orcs
  12 endoplasms
  3 giant cockroaches
  5 goblins
  8 hobgoblins
  4 jackals (D:1)
  25 kobolds
  7 quokkas
  5 ball pythons
  7 bats
  2 frilled lizards (D:2)
  8 rats
  A bush (D:5)
321 creatures vanquished.

Vanquished Creatures (others)
  A wizard (D:10)
  A bullfrog zombie (Lair:2)
  11 fungi
  5 plants (Lair:2)
  4 withered plants (D:10)
22 creatures vanquished.

Grand Total: 343 creatures vanquished

Notes
Turn   | Place    | Note
-------+----------+-------------------------------------------
     0 | D:1      | IdlyInterested the Demonspawn Fighter began the quest for
                  | the Orb.
     0 | D:1      | Reached XP level 1. HP: 18/18 MP: 1/1
    89 | D:1      | Reached skill level 2 in Maces & Flails
   382 | D:1      | Gained mutation: You are partially covered in thin metallic
                  | scales. (AC +2) [demonic ancestry]
   382 | D:1      | Reached XP level 2. HP: 24/24 MP: 2/2
   384 | D:1      | Found a faded altar of an unknown god.
   513 | D:1      | Reached skill level 1 in Stealth
   640 | D:1      | Gained mutation: You have large cloven feet. [demonic
                  | ancestry]
   640 | D:1      | Reached XP level 3. HP: 29/29 MP: 3/3
   905 | D:1      | Gained mutation: You passively map a small area around you.
                  | [potion of mutation]
   905 | D:1      | Gained mutation: You are resistant to electric shocks.
                  | (rElec) [potion of mutation]
   905 | D:1      | Gained mutation: You possess an exceptional clarity of
                  | mind. [potion of mutation]
   965 | D:2      | Reached skill level 1 in Dodging
  1067 | D:2      | Identified the +0 robe of the Accordion {rF+ MP+9 Slay+6}
  1522 | D:2      | Gained mutation: You are mostly covered in thin metallic
                  | scales. (AC +3) [demonic ancestry]
  1522 | D:2      | Reached XP level 4. HP: 31/35 MP: 4/4
  1687 | D:2      | Reached skill level 3 in Maces & Flails
  1706 | D:2      | Reached skill level 1 in Throwing
  1885 | D:3      | Gained mutation: You are completely covered in thin
                  | metallic scales. (AC +4, rElec) [demonic ancestry]
  1885 | D:3      | Reached XP level 5. HP: 41/41 MP: 5/5
  2041 | D:3      | Found Ecva's Distillery.
  2065 | D:3      | Identified the +2 demon blade of Nyikogug {elec, Will+}
  2112 | D:3      | Bought a potion of curing for 42 gold pieces
  2145 | D:3      | Bought a potion of heal wounds for 70 gold pieces
  2311 | D:3      | Identified the -1 cloak of Kindness {Rampage Will+ Str-2
                  | Dex+6}
  2360 | D:3      | Found Genete's Antique Weapon Shoppe.
  2378 | D:3      | Found a hazy altar of Hepliaklqana.
  2471 | D:3      | Identified a scroll of acquirement
  2471 | D:3      | Acquired a manual of Spellcasting
  2536 | D:4      | Identified the +9 rapier of the Unliving {vamp, rCorr}
  2667 | D:4      | Reached skill level 1 in Spellcasting
  2709 | D:4      | Reached skill level 4 in Maces & Flails
  2714 | D:4      | Reached XP level 6. HP: 45/47 MP: 7/7
  2923 | D:4      | Reached skill level 1 in Invocations
  3184 | D:5      | Entered Level 5 of the Dungeon
  3333 | D:5      | Reached skill level 1 in Evocations
  3404 | D:5      | Gained mutation: You have hoof-like feet. [demonic
                  | ancestry]
  3404 | D:5      | Reached XP level 7. HP: 52/52 MP: 8/8
  3409 | D:5      | Reached skill level 5 in Maces & Flails
  4081 | D:5      | Found a runed translucent door.
  4082 | D:5      | Noticed Crazy Yiuf
  4090 | D:5      | Killed Crazy Yiuf
  4216 | D:3      | Bought a runed whip for 93 gold pieces
  4457 | D:6      | Reached skill level 6 in Maces & Flails
  4457 | D:6      | Reached XP level 8. HP: 61/61 MP: 9/9
  4562 | D:6      | Reached skill level 5 in Fighting
  4747 | D:6      | Reached skill level 7 in Maces & Flails
  4936 | D:3      | Bought a potion of curing for 42 gold pieces
  4936 | D:3      | Bought a potion of curing for 42 gold pieces
  5078 | D:7      | Found a runed translucent door.
  5207 | D:7      | Found Jyoster's Antique Weapon Boutique.
  5222 | D:7      | Found an opulent altar of Gozag.
  5340 | D:7      | Noticed a kobold demonologist
  5345 | D:7      | Noticed a rust devil
  5353 | D:7      | Noticed an ice devil
  5358 | D:7      | Gained mutation: You have hooves in place of feet. [demonic
                  | ancestry]
  5358 | D:7      | Reached XP level 9. HP: 53/68 MP: 12/12
  5362 | D:7      | Noticed a rust devil
  5365 | D:7      | Killed a kobold demonologist
  5366 | D:7      | Reached skill level 8 in Maces & Flails
  5540 | D:7      | Noticed chrisa4242's ghost (amateur HOCA)
  5556 | D:7      | Killed chrisa4242's ghost
  5569 | D:7      | Noticed Duvessa
  5569 | D:7      | Noticed Dowan
  5580 | D:7      | Killed Dowan
  5582 | D:7      | Killed Duvessa
  5692 | D:7      | Found a staircase to the Ecumenical Temple.
  5698 | Temple   | Entered the Ecumenical Temple
  6119 | D:8      | Reached skill level 9 in Maces & Flails
  6119 | D:8      | Reached skill level 5 in Shields
  6185 | D:8      | Noticed Pikel
  6196 | D:8      | Killed Pikel
  6811 | D:9      | Reached XP level 10. HP: 74/74 MP: 14/14
  6862 | D:9      | Reached skill level 10 in Maces & Flails
  6910 | D:9      | Found Cikuy's Jewellery Shop.
  7311 | D:9      | Noticed a two-headed ogre
  7318 | D:9      | Killed a two-headed ogre
  7319 | D:9      | Reached skill level 11 in Maces & Flails
  7319 | D:9      | Reached skill level 5 in Dodging
  7874 | D:3      | Bought a potion of flight for 42 gold pieces
  8033 | D:10     | Entered Level 10 of the Dungeon
  8136 | D:10     | Found a staircase to the Lair.
  8175 | D:10     | Identified the +2 chain mail "Vumuos" {+Inv rF+ rC++ Str+3}
  8188 | D:10     | Noticed a six-headed hydra
  8200 | D:10     | Killed a six-headed hydra
  8201 | D:10     | Reached XP level 11. HP: 57/79 MP: 15/15
  8561 | D:10     | Noticed a red ugly thing
  8572 | D:10     | Killed a red ugly thing
  8590 | D:10     | Noticed an orc knight
  8608 | D:10     | Killed an orc knight
  8637 | D:10     | Noticed a deep elf pyromancer
  8646 | D:10     | Killed a deep elf pyromancer
  8647 | D:10     | Reached skill level 12 in Maces & Flails
  8800 | D:10     | Noticed a tengu warrior
  8801 | D:10     | Noticed a wizard
  8805 | D:10     | Killed a wizard
  8809 | D:10     | Noticed a six-headed hydra
  8829 | D:10     | Killed a tengu warrior
  8830 | D:10     | Reached skill level 5 in Armour
  8840 | D:10     | Killed a six-headed hydra
  8894 | D:10     | Got Toih's Handbook of Contamination and Curses
  9055 | D:10     | Noticed Gastronok
  9072 | D:10     | Killed Gastronok
  9101 | D:10     | Found an ancient bone altar of Kikubaaqudgha.
  9187 | D:10     | Reached skill level 13 in Maces & Flails
  9193 | D:10     | Reached skill level 5 in Throwing
  9398 | D:10     | Reached XP level 12. HP: 83/86 MP: 18/18
  9570 | Lair:1   | Entered Level 1 of the Lair of Beasts
  9972 | Lair:1   | Reached skill level 5 in Spellcasting
 10210 | Lair:2   | Noticed a seven-headed hydra
 10217 | Lair:2   | Killed a seven-headed hydra
 10318 | Lair:2   | Reached skill level 5 in Invocations
 10510 | Lair:2   | Noticed a seven-headed hydra
 10520 | Lair:2   | Killed a seven-headed hydra
 10521 | Lair:2   | Noticed a four-headed hydra
 10525 | Lair:2   | Reached skill level 14 in Maces & Flails
 10528 | Lair:2   | Killed a four-headed hydra
 10551 | Lair:2   | Reached skill level 5 in Evocations
 10927 | Lair:2   | Found a staircase to the Swamp.
 11098 | Lair:2   | Got the Compendium of the Birds and Arcane Weapons
 11369 | D:3      | Bought 2 potions of resistance for 280 gold pieces
 11547 | Lair:3   | Noticed a catoblepas
 11582 | Lair:3   | Slain by a catoblepas

Illustrated notes

Levels and vault maps discovered:
D:1:      minmay_arrival_nine_rooms, layout_loops_ring, basic_ecumenical_altar
D:2:      layout_basic, serial_curves, eino_curves_03, eino_curves_01,
          eino_curves_01
D:3:      layout_rooms, mainiacjoe_overflow_concentric_impassable, serial_shops,
          shop, shop
D:4:      layout_basic, overflow_temple_1_default, kennysheep_generic_room_15
D:5:      layout_basic, grunt_decor_resistance, minmay_fountain_box,
          ebering_dispersal_statue_hall, fountainhead, sigmund_army,
          uniq_crazy_yiuf_cottage
D:6:      layout_loops_ring, columned_hall_lemuel
D:7:      layout_basic, lemuel_round_altar, minmay_temple_entry_enclosed_plants,
          ebering_ghost_reflecting_pool, serial_shops,
          nicolae_shop_overgrown_old_shop, uniq_duvessa
D:8:      layout_loops_ring, uniq_pikel
D:9:      layout_stronghold, serial_shops, nicolae_shop_behind_doors,
          chequers_avenue
D:10:     minmay_the_grid_octo_tiled_squarecenter [minmay_the_grid_octo_teeth,
          minmay_the_grid_octo_toaster, minmay_the_grid_octo_checkered,
          minmay_the_grid_octo_odd_swirl,
          minmay_the_grid_square_5x5_megaprize_open,
          minmay_the_grid_square_5x5_three,
          minmay_the_grid_square_5x5_tetrominoes,
          minmay_the_grid_square_5x5_lines, minmay_the_grid_square_5x5_minimal],
          layout_basic, kiku_gazebo_garden_becter, erik_lair_orcish_takeover,
          uniq_gastronok
Temple:   eino_narrow_crystal_temple
Lair:1:   layout_misc_corridors
Lair:2:   layout_loops_ring, palyth_hydra_swamp_entry, minmay_lair_oklob_items
Lair:3:   layout_cave_pods, beast_lair_carwin_5

Skill      XL: |  1  2  3  4  5  6  7  8  9 10 11 12 |
---------------+-------------------------------------+-----
Maces & Flails | 2 3 4 6 7 9 11 13 14 | 14.5
Armour         | 3 5 7 |  7.0
Stealth        | 1 2 4 |  4.8
Dodging        | 1 2 3 5 |  5.0
Throwing       | 1 2 3 5 |  5.0
Spellcasting   | 1 2 3 4 5 |  5.0
Shields        | 3 4 5 |  5.5
Invocations    | 1 2 3 4 5 |  5.0
Evocations     | 1 2 3 4 5 |  5.0
Fighting       | 4 5 |  5.0

Action                   |  1- 3 |  4- 6 |  7- 9 | 10-12 || total
-------------------------+-------+-------+-------+-------++-------
Melee: Flail             |   104 |   107 |    61 |    38 ||   310
       Kick              |     6 |    23 |    71 |   262 ||   362
       Morningstar       |       |       |   152 |   563 ||   715
       Mace              |       |       |       |     8 ||     8
Throw: Stone             |    29 |     6 |     2 |       ||    37
       Dart              |       |       |     5 |     8 ||    13
       Boomerang         |       |       |     2 |       ||     2
Evoke: Wand              |       |       |     1 |     4 ||     5
  Use: Scroll            |     3 |     6 |     4 |    10 ||    23
       Potion            |     1 |     2 |     1 |     4 ||     8
 Stab: Sleeping          |     2 |     6 |    10 |     3 ||    21
       Distracted        |       |       |       |     1 ||     1
       Invisible         |       |       |       |     8 ||     8
       Petrified         |       |       |       |     3 ||     3
       Paralysed         |       |       |       |     1 ||     1
Armor: Scale mail        |    72 |       |       |       ||    72
       Robe              |     1 |    45 |    56 |    20 ||   122
       Steam dragon scal |       |       |       |    18 ||    18
       Chain mail        |       |       |       |   321 ||   321
Dodge: Dodged            |    59 |    74 |    90 |   213 ||   436
Block: Buckler           |    26 |    24 |    50 |    81 ||   181
       Kite shield       |       |       |       |   166 ||   166

Table legend: (Time is in decaauts)
 A = Elapsed time spent in this place.
 B = Non-inter-level travel time spent in this place.
 C = Inter-level travel time spent in this place.
 D = Time resting spent in this place.
 E = Time spent auto-exploring this place.
 F = Levels seen in this place.
 G = Mean time per level.
                   A        B        C        D        E       F      G
               +--------+--------+--------+--------+--------+-----+--------+
         Total |  11673 |  10533 |   1140 |    844 |   6845 |  14 |  833.8 |
       Dungeon |   9784 |   8709 |   1075 |    699 |   5640 |  10 |  978.4 |
        Temple |    188 |    187 |      1 |      0 |    165 |   1 |  188.0 |
          Lair |   1700 |   1637 |     63 |    145 |   1040 |   3 |  566.7 |
               +--------+--------+--------+--------+--------+-----+--------+

Top non-repeatable levels by time:
    D:10: 1593 daAuts
     D:5: 1312 daAuts
     D:9: 1118 daAuts
  Lair:2: 1075 daAuts
     D:7: 1040 daAuts
     D:1: 974 daAuts
     D:2: 895 daAuts
     D:3: 787 daAuts
     D:4: 756 daAuts
     D:6: 659 daAuts
     D:8: 647 daAuts
  Lair:1: 590 daAuts
  Temple: 188 daAuts
  Lair:3: 35 daAuts
